 Dungeon Crawl Stone Soup version 0.25-b1-37-g2669288c55 (webtiles) character file.

Game seed: 10633390414454688814

3493 Jakers the Slinger (level 10, 0/68 HPs)
             Began as a Halfling Arcane Marksman on June 6, 2020.
             Was a Believer of Nemelex Xobeh.
             Slain by an unseen horror (5 damage)
             ... on level 10 of the Dungeon.
             The game lasted 00:30:10 (13257 turns).

Jakers the Slinger (Halfling Arcane Marksman)      Turns: 13257, Time: 00:30:11

Health: 0/68       AC:  6    Str: 11    XL:     10   Next: 28%
Magic:  13/14      EV: 16    Int: 11    God:    Nemelex Xobeh [**....]
Gold:   357        SH:  5    Dex: 19    Spells: 9/15 levels left

rFire    . . .     SeeInvis +   a - +1 hunting sling
rCold    + . .     Gourm    .   i - +0 buckler
rNeg     . . .     Faith    .   e - +0 robe
rPois    .         Spirit   .   C - +0 helmet
rElec    .         Reflect  .   (no cloak)
rCorr    .         Harm     .   j - +0 pair of gloves
MR       .....                  L - +0 pair of boots
Stlth    ++........             (no amulet)
HPRegen  0.21/turn              d - ring of see invisible
MPRegen  0.14/turn              u - ring of protection from cold

@: brilliant
A: small, mutation resistance 1
a: Draw Escape, Draw Destruction, Draw Summoning, Renounce Religion


You were on level 10 of the Dungeon.
You worshipped Nemelex Xobeh.
Nemelex Xobeh was pleased with you.
You were very full.

You visited 2 branches of the dungeon, and saw 11 of its levels.

You collected 357 gold pieces.

Inventory:

Hand Weapons
 a - a +1 hunting sling (weapon)
 r - a +0 dagger of protection
Missiles
 k - 116 stones (quivered)
Armour
 e - a +0 robe (worn)
 i - a +0 buckler (worn)
 j - a +0 pair of gloves (worn)
 C - a +0 helmet (worn)
 F - a +4 ring mail
 L - a +0 pair of boots (worn)
Jewellery
 d - a ring of see invisible (left hand)
 t - an uncursed ring of fire
 u - a ring of protection from cold (right hand)
 I - an uncursed ring of protection from cold
 J - an uncursed ring of resist corrosion
 K - an uncursed ring of positive energy
Wands
 m - a wand of polymorph (7)
 n - a wand of iceblast (18)
 x - a wand of random effects (12)
 B - a wand of disintegration (18)
 D - a wand of paralysis (4)
 H - a wand of enslavement (20)
 N - a wand of flame (10)
Scrolls
 b - 7 scrolls of remove curse
 o - 3 scrolls of identify
 p - a scroll of fog
 w - a scroll of amnesia
 y - a scroll of enchant weapon
Potions
 g - a potion of magic {unknown}
 h - 2 potions of brilliance
 q - a potion of mutation {unknown}
 s - 3 potions of degeneration {unknown}
 v - a potion of heal wounds {unknown}
 z - 2 potions of lignification {unknown}
 A - a potion of flight {unknown}
Comestibles
 f - 9 rations


   Skills:
 - Level 5.7 Fighting
 - Level 10.2 Slings
 - Level 6.4 Armour
 - Level 3.9 Dodging
 + Level 3.3 Spellcasting
 - Level 6.1 Hexes


You had 9 spell levels left.
You knew the following spells:

 Your Spells              Type           Power        Failure   Level  Hunger
a - Corona                Hex            ###....      3%          1    None
b - Slow                  Hex            ###.....     5%          2    None
c - Portal Projectile     Hex/Tloc       ##....       36%         3    None

Your spell library contained the following spells:

 Spells                   Type           Power        Failure   Level  Hunger
 Cause Fear               Hex            ###.......   34%         4    None
 Dazzling Flash           Conj/Hex       ##....       36%         3    None
 Inner Flame              Hex/Fire       ##......     36%         3    None
 Animate Skeleton         Necr           N/A          41%         1    None
 Apportation              Tloc           #.....       41%         1    None
 Magic Dart               Conj           #...         41%         1    None
 Shock                    Conj/Air       #...         41%         1    None
 Summon Small Mammal      Summ           #...         41%         1    None
 Searing Ray              Conj           #.....       54%         2    None
 Swiftness                Chrm/Air       #.......     54%         2    None
 Fulminant Prism          Conj/Hex       ##........   77%         4    None
 Leda's Liquefaction      Hex/Erth       ##........   77%         4    None
 Static Discharge         Conj/Air       #.......     78%         3    None
 Airstrike                Air            #.........   99%         4    None
 Iskenderun's Mystic Bla  Conj/Tloc      #.......     99%         4    None
 Lightning Bolt           Conj/Air       #.........   100%        5    None


Dungeon Overview and Level Annotations

Branches:
Dungeon (10/15)            Temple (1/1) D:7            Lair (0/6) D:8
    Orc (0/2) D:9

Altars:
Cheibriados
Dithmenos
Elyvilon
Fedhas
Gozag
Hepliaklqana
Kikubaaqudgha
Makhleb
Nemelex Xobeh
Okawaru
Qazlal
Ru
Sif Muna
Trog
Uskayaw
Vehumet
Wu Jian
Xom
Yredelemnul
Zin
The Shining One
Beogh

Shops:
D:8 %

Annotations:
D:3 Pikel
D:4 Edmund
D:9 Erolcha, Grum


Innate Abilities, Weirdness & Mutations

You are small and have problems with some larger weapons.
You are somewhat resistant to further mutation.


Message History

There is a stone staircase leading down here.
The yak gores you.
* * * LOW HITPOINT WARNING * * *
You climb downwards.
An unseen horror comes into view.
Found a stone staircase leading up.
There is a stone staircase leading up here.
You feel better.
The unseen horror completely misses you.
The yak gores you.
* * * LOW HITPOINT WARNING * * *
The unseen horror hits you.
* * * LOW HITPOINT WARNING * * *
The yak completely misses you. The unseen horror barely misses you.
The yak gores you!
* * * LOW HITPOINT WARNING * * *
Found an escape hatch in the ceiling.
The unseen horror hits you.
You die...
Your body glows slightly and disappears.

# .# #.
####.
#... #.<#
#.@# #.x#
#.Y#.#..#
#<......#
#......##
####.###
.# .# <


You could see a yak and an unseen horror (invisible).

Vanquished Creatures
  A hippogriff (D:8)
  2 yaks
  A hungry ghost (D:8)
  A basilisk (D:8)
  2 ice beasts
  A sky beast (D:5)
  An eye of draining (D:9)
  A phantom (D:7)
  4 slaves (D:5)
  2 ogres
  2 centaurs (D:8)
  A crocodile (D:8)
  A bullfrog (D:8)
  A big kobold (D:8)
  Blork the orc (D:4)
  A scorpion (D:9)
  3 howler monkeys (D:7)
  A crimson imp (D:5)
  2 bullfrog zombies (D:5)
  A centaur zombie (D:8)
  3 orc priests
  4 hounds
  5 jellies
  2 bullfrog skeletons
  A gnoll shaman (D:8)
  4 centaur skeletons
  2 iguanas
  2 orc wizards
  Ijyb (D:3)
  Terence (D:2)
  3 worker ants
  A hound skeleton (D:8)
  A worker ant zombie (D:5)
  9 adders
  5 gnolls (D:8)
  A shadow imp (D:8)
  An ooze (D:3)
  An adder zombie (D:5)
  7 worms
  3 dart slugs
  8 leopard geckos
  14 orcs
  A ball python (D:6)
  8 bats
  5 giant cockroaches
  4 hobgoblins
  3 jackals (D:3)
  8 kobolds
  4 quokkas
  3 frilled lizards
  10 goblins
  A quokka skeleton (D:4)
  15 rats
171 creatures vanquished.

Vanquished Creatures (collateral kills)
  Prince Ribbit (D:6)
  A centaur (D:6)
  A bullfrog (D:6)
  A water moccasin zombie (D:6)
  3 killer bees (D:7)
  2 orcs (D:7)
9 creatures vanquished.

Vanquished Creatures (others)
  A fungus (D:8)
  A plant (D:8)
2 creatures vanquished.

Grand Total: 182 creatures vanquished

Notes
Turn   | Place    | Note
-------+----------+-------------------------------------------
     0 | D:1      | Jakers the Halfling Arcane Marksman began the quest for the
                  | Orb.
     0 | D:1      | Reached XP level 1. HP: 12/12 MP: 2/2
    49 | D:1      | Reached XP level 2. HP: 13/18 MP: 3/3
    60 | D:1      | Reached skill level 1 in Fighting
    78 | D:1      | Reached skill level 4 in Slings
   416 | D:1      | Reached XP level 3. HP: 18/23 MP: 4/4
   778 | D:2      | Reached skill level 5 in Slings
   830 | D:2      | Noticed Terence
   841 | D:2      | Killed Terence
   841 | D:2      | Reached XP level 4. HP: 24/28 MP: 3/5
   907 | D:2      | Reached skill level 6 in Slings
   946 | D:2      | Learned a level 2 spell: Slow
  1110 | D:2      | Found a hide-covered altar of Uskayaw.
  1167 | D:2      | Found a blossoming altar of Fedhas.
  1175 | D:2      | Reached XP level 5. HP: 33/33 MP: 6/6
  1464 | D:2      | Found a shimmering altar of Xom.
  2100 | D:3      | Reached skill level 7 in Slings
  2238 | D:3      | Found a shadowy altar of Dithmenos.
  2570 | D:3      | Noticed Ijyb
  2582 | D:3      | Killed Ijyb
  2879 | D:3      | Found a white marble altar of Elyvilon.
  3092 | D:3      | Reached skill level 8 in Slings
  3092 | D:3      | Reached XP level 6. HP: 21/38 MP: 7/7
  3729 | D:4      | Found a sacrificial altar of Ru.
  3779 | D:4      | Noticed Blork the orc
  3787 | D:4      | Killed Blork the orc
  3787 | D:4      | Reached skill level 9 in Slings
  3799 | D:4      | Found a shimmering blue altar of Sif Muna.
  3960 | D:4      | Found a glowing golden altar of the Shining One.
  4066 | D:4      | Found a glowing silver altar of Zin.
  4073 | D:4      | Reached XP level 7. HP: 45/45 MP: 8/8
  4083 | D:4      | Found an ancient bone altar of Kikubaaqudgha.
  4223 | D:4      | Noticed Edmund
  4309 | D:5      | Entered Level 5 of the Dungeon
  5086 | D:5      | Found a snail-covered altar of Cheibriados.
  5096 | D:5      | Noticed Pikel
  5880 | D:5      | You fall into a shaft and drop 1 floor!
  5909 | D:6      | Reached XP level 8. HP: 10/54 MP: 7/9
  6046 | D:6      | Reached skill level 5 in Fighting
  6271 | D:6      | Noticed Prince Ribbit
  6865 | D:7      | Found a staircase to the Ecumenical Temple.
  6876 | Temple   | Entered the Ecumenical Temple
  6942 | Temple   | Became a worshipper of Nemelex Xobeh the Trickster
  7046 | D:7      | Received a gift from Nemelex Xobeh
  7391 | D:7      | Reached skill level 10 in Slings
  7509 | D:7      | Paralysed by an orc wizard for 3 turns
  7933 | D:8      | Found a staircase to the Lair.
  7933 | D:8      | Noticed a hippogriff
  7933 | D:8      | Noticed a basilisk
  7933 | D:8      | Noticed an elephant
  8119 | D:6      | Killed Prince Ribbit
  8119 | D:6      | Reached XP level 9. HP: 62/62 MP: 6/10
  8178 | D:6      | Reached skill level 5 in Hexes
  9211 | D:5      | Reached * piety under Nemelex Xobeh
 10483 | D:9      | Learned a level 3 spell: Portal Projectile
 10600 | D:9      | Noticed Erolcha
 10744 | D:8      | Found Hootooh's Food Boutique.
 11249 | D:8      | Killed a hippogriff
 11392 | D:8      | Reached skill level 5 in Armour
 11483 | D:8      | Reached XP level 10. HP: 33/68 MP: 3/11
 11659 | D:9      | Noticed Grum
 11697 | D:9      | Reached ** piety under Nemelex Xobeh
 11698 | D:9      | Found a roughly hewn altar of Beogh.
 11698 | D:9      | Found a staircase to the Orcish Mines.
 12797 | D:8      | Identified a scroll of acquirement
 13231 | D:9      | HP: 3/68 [yak (9)]
 13253 | D:10     | Entered Level 10 of the Dungeon
 13253 | D:10     | Noticed an unseen horror
 13257 | D:10     | Slain by an unseen horror

Illustrated notes

Levels and vault maps discovered:
D:1:      co_arrival_random_square_maze, layout_basic
D:2:      layout_basic, overflow_temple_1_default, lemuel_doored_altar,
          lemuel_coloured_pillars_altar, minmay_circle_x, uniq_terence
D:3:      layout_loops_corners, marbit_many_paths, lightli_sewer_entry_pipes,
          grunt_dithmenos_smoke_and_mirrors, uniq_ijyb
D:4:      layout_gridville, overflow_temple_1_default, tgw_sif, minitemple,
          nicolae_ru_great_annihilating_truth, uniq_edmund
D:5:      layout_rooms, old_standard_altar, first_ration, uniq_pikel
D:6:      layout_rooms, uniq_prince_ribbit1
D:7:      layout_loops_corners, minmay_temple_entry_mini_moons
D:8:      layout_loops_corners, david_lair_generic, serial_shops, shop,
          enter_ossuary_1, blue_anna_alchemist [blue_anna_fruit_fields,
          blue_anna_fruit_fields]
D:9:      layout_loops_ring, david_orc_5, uniq_erolcha, uniq_grum
D:10:     layout_loops_cross, enter_trove_0
Temple:   minmay_temple_bridge_abc

Skill      XL: |  1  2  3  4  5  6  7  8  9 10 |
---------------+-------------------------------+-----
Fighting       | 1 2 4 5 |  5.7
Slings         | 4 5 6 8 9 10 | 10.2
Hexes          | 4 6 |  6.1
Dodging        | 3 |  3.9
Armour         | 5 6 |  6.4
Spellcasting   | 3 |  3.3

Action                   |  1- 3 |  4- 6 |  7- 9 | 10-12 || total
-------------------------+-------+-------+-------+-------++-------
Melee: Unarmed           |     8 |       |       |       ||     8
 Fire: Hunting sling     |    86 |   239 |   583 |   145 ||  1053
 Cast: Corona            |       |    17 |    28 |    11 ||    56
       Slow              |       |     1 |    16 |    16 ||    33
       Portal Projectile |       |       |     2 |       ||     2
Invok: Draw Destruction  |       |       |     2 |       ||     2
       Draw Summoning    |       |       |     2 |       ||     2
       Draw Escape       |       |       |     1 |       ||     1
  Use: Scroll            |       |       |    13 |     5 ||    18
       Potion            |       |       |     4 |     4 ||     8
  Eat: Chunk             |       |    10 |     4 |     2 ||    16
       Ration            |       |       |     6 |     5 ||    11
Armor: Robe              |     9 |     6 |    38 |    14 ||    67
Dodge: Dodged            |    67 |    39 |   159 |    72 ||   337
Block: Buckler           |     2 |    15 |    41 |    20 ||    78
